[Event "34rd NATO Championship 2024"]
[Site "Rhodes"]
[Date "2024.10.23"]
[Round "4.11"]
[White "Michalski, Daniel"]
[Black "Bohn, Ulrich"]
[Result "1/2-1/2"]
[ECO "A48"]
[WhiteElo "2011"]
[BlackElo "2149"]
[Annotator "RC"]
[PlyCount "55"]
[EventDate "2024.09.18"]
[EventType "swiss"]
[EventCountry "GRE"]
[SourceTitle "playchess.com"]
[Source "ChessBase"]
[SourceQuality "1"]
[TimeControl "5400+30"]

1. d4 Nf6 2. Nf3 c5 3. e3 g6 4. Be2 Bg7 5. O-O O-O 6. dxc5 Qa5 7. a3 Qxc5 8. c4 d6 9. b4 Qb6 10. Bb2 a5 11. Nc3 Nbd7 12. Nb5 Qd8 13. Qb3 Nb6 14. Rfd1 axb4 15. axb4 Rxa1 16. Bxa1 Be6 17. Nfd4 Qc8 18. Nxe6 Qxe6 19. Nd4 Qc8 20. Rc1 Nfd7 21. Bb2 Ne5 22. c5 dxc5 23. bxc5 Nbd7 24. Ba3 Nc6 25. Nxc6 bxc6 26. Bf3 Qa8 27. Rc4 Ne5 28. Ra4 1/2-1/2

[Event "34rd NATO Championship 2024"]
[Site "Rhodes"]
[Date "2024.10.23"]
[Round "4.12"]
[White "Jauk, Wilhelm"]
[Black "Cheung, Jan"]
[Result "1/2-1/2"]
[ECO "A29"]
[WhiteElo "2143"]
[BlackElo "2010"]
[Annotator "RC"]
[PlyCount "73"]
[EventDate "2024.09.18"]
[EventType "swiss"]
[EventCountry "GRE"]
[SourceTitle "playchess.com"]
[Source "ChessBase"]
[SourceQuality "1"]
[TimeControl "5400+30"]

1. c4 e5 2. Nc3 Nc6 3. g3 Nf6 4. Bg2 Bb4 5. e4 Bxc3 6. bxc3 d6 7. d3 h6 8. Nf3 O-O 9. O-O Be6 10. h3 Qd7 11. Kh2 Rae8 12. Ng1 Nh7 13. Be3 b6 14. Qd2 Kh8 15. Rad1 Na5 16. f4 exf4 17. Bxf4 f5 18. exf5 Bxf5 19. g4 Bg6 20. Ne2 c5 21. Ng3 Nc6 22. Be4 Bxe4 23. Nxe4 Ne5 24. Bxe5 dxe5 25. Qe2 Rxf1 26. Rxf1 Rf8 27. Rxf8+ Nxf8 28. Nf2 Ng6 29. Qe4 Nf8 30. Qe2 Ng6 31. Qe4 Qd6 32. Kg1 Nf4 33. Qa8+ Kh7 34. Qe4+ Kh8 35. Qa8+ Kh7 36. Qe4+ Kh8 37. Qa8+ 1/2-1/2

[Event "34rd NATO Championship 2024"]
[Site "Rhodes"]
[Date "2024.10.23"]
[Round "4.13"]
[White "Circenis, Kaspars"]
[Black "Pirs, Matjaz"]
[Result "1-0"]
[ECO "D00"]
[WhiteElo "2120"]
[BlackElo "2203"]
[Annotator "RC"]
[PlyCount "101"]
[EventDate "2024.09.18"]
[EventType "swiss"]
[EventCountry "GRE"]
[SourceTitle "playchess.com"]
[Source "ChessBase"]
[SourceQuality "1"]
[TimeControl "5400+30"]

1. d4 d5 2. Bf4 Nf6 3. e3 c5 4. Nd2 Nc6 5. c3 cxd4 6. exd4 Bf5 7. Ngf3 e6 8. Bb5 Qb6 9. Qb3 Be7 10. c4 a6 11. Ba4 Qxb3 12. axb3 O-O 13. Bxc6 bxc6 14. c5 Bd3 15. h3 Nd7 16. b4 f6 17. Nb3 Bd8 18. Kd2 Bb5 19. Rhe1 Re8 20. Na5 Ra7 21. Re3 Kf7 22. Rae1 Bxa5 23. bxa5 Rb7 24. b4 Nf8 25. g4 g5 26. Bg3 Ng6 27. h4 h6 28. hxg5 hxg5 29. Rh1 Kg7 30. Rh5 Bf1 31. Kc3 Bc4 32. Nd2 Bb5 33. Bd6 Rd7 34. Nf3 Ba4 35. Re1 Bb5 36. Ng1 Bc4 37. Nh3 Bb5 38. f4 gxf4 39. Nxf4 Nxf4 40. Bxf4 Rg8 41. Rxe6 Kf7 42. Rd6 Rxd6 43. cxd6 Rd8 44. Rh7+ Ke8 45. Re7+ Kf8 46. Kd2 c5 47. bxc5 Re8 48. Bh6+ Kg8 49. Rg7+ Kh8 50. Rc7 Kg8 51. d7 1-0

[Event "34rd NATO Championship 2024"]
[Site "Rhodes"]
[Date "2024.10.23"]
[Round "4.14"]
[White "Tocco, Paolo"]
[Black "Sauer, Marko"]
[Result "1/2-1/2"]
[ECO "D00"]
[WhiteElo "2010"]
[BlackElo "2086"]
[Annotator "RC"]
[PlyCount "84"]
[EventDate "2024.09.18"]
[EventType "swiss"]
[EventCountry "GRE"]
[SourceTitle "playchess.com"]
[Source "ChessBase"]
[SourceQuality "1"]
[TimeControl "5400+30"]

1. d4 d5 2. Nc3 Nf6 3. Bf4 c6 4. e3 Bf5 5. Nf3 Nbd7 6. Bd3 e6 7. Ne5 Nxe5 8. dxe5 Nd7 9. e4 dxe4 10. Nxe4 Bxe4 11. Bxe4 Qa5+ 12. Qd2 Qxd2+ 13. Kxd2 Bc5 14. Bg3 O-O-O 15. Kc3 Nb6 16. Rad1 h6 17. b4 Be7 18. Kb3 Rxd1 19. Rxd1 Rd8 20. Rxd8+ Bxd8 21. c4 Bc7 22. f4 Nd7 23. h4 f6 24. exf6 Nxf6 25. Bf3 Kd7 26. Bh2 a5 27. a3 axb4 28. axb4 b5 29. g3 bxc4+ 30. Kxc4 Nd5 31. Bg1 Bd6 32. Bd4 Bf8 33. b5 cxb5+ 34. Kxb5 Nc7+ 35. Kc4 Ne8 36. Kd3 Be7 37. Bd1 Bf6 38. Ba4+ Ke7 39. Bc5+ Kf7 40. Ke4 g6 41. Kf3 h5 42. Bc6 Ng7 1/2-1/2

[Event "34rd NATO Championship 2024"]
[Site "Rhodes"]
[Date "2024.10.23"]
[Round "4.15"]
[White "Tustanowski, Mateusz"]
[Black "Koops, Janis"]
[Result "1-0"]
[ECO "D02"]
[WhiteElo "2081"]
[BlackElo "1990"]
[Annotator "RC"]
[PlyCount "93"]
[EventDate "2024.09.18"]
[EventType "swiss"]
[EventCountry "GRE"]
[SourceTitle "playchess.com"]
[Source "ChessBase"]
[SourceQuality "1"]
[TimeControl "5400+30"]

1. d4 Nf6 2. Bf4 e6 3. e3 c5 4. Nd2 d5 5. Ngf3 Nc6 6. c3 Bd6 7. Bg3 O-O 8. Bd3 Re8 9. Ne5 Qc7 10. f4 Ne7 11. Bf2 c4 12. Bc2 b5 13. a3 Bb7 14. Qf3 a5 15. g4 g6 16. Bh4 Kg7 17. Bxf6+ Kxf6 18. Qh3 Kg7 19. Nxf7 Kxf7 20. Qxh7+ Kf8 21. Qh6+ Kf7 22. Qh7+ Kf8 23. Nf3 Ng8 24. Qxg6 Qg7 25. h4 Nf6 26. h5 Ne4 27. Qxg7+ Kxg7 28. Nd2 Rf8 29. g5 Rh8 30. Rh3 Raf8 31. Ke2 Rxh5 32. Rxh5 Ng3+ 33. Kf3 Nxh5 34. Rh1 Nxf4 35. Rh7+ Kg8 36. exf4 Rxf4+ 37. Ke3 Rf7 38. g6 Rg7 39. Nf3 Be7 40. Kf4 Bc6 41. Ng5 Bd7 42. Nf7 Kf8 43. Ke5 Be8 44. Rh8+ Rg8 45. Rxg8+ Kxg8 46. Kxe6 Kf8 47. Nd6 1-0

[Event "34rd NATO Championship 2024"]
[Site "Rhodes"]
[Date "2024.10.23"]
[Round "4.16"]
[White "Pazeriene, Diana"]
[Black "Mestek, Igor"]
[Result "1-0"]
[ECO "D22"]
[WhiteElo "1993"]
[BlackElo "2080"]
[Annotator "RC"]
[PlyCount "189"]
[EventDate "2024.09.18"]
[EventType "swiss"]
[EventCountry "GRE"]
[SourceTitle "playchess.com"]
[Source "ChessBase"]
[SourceQuality "1"]
[TimeControl "5400+30"]

1. d4 d5 2. c4 dxc4 3. Nf3 a6 4. e3 b5 5. b3 Nf6 6. a4 Bb7 7. bxc4 bxc4 8. Bxc4 e6 9. O-O Nbd7 10. Nbd2 Be7 11. Rb1 Qc8 12. Qe2 Ne4 13. Nxe4 Bxe4 14. Bd3 Bxd3 15. Qxd3 O-O 16. Ba3 Bxa3 17. Qxa3 Rb8 18. Rxb8 Qxb8 19. Rc1 Qb7 20. h3 h6 21. Qe7 Nb6 22. Rxc7 Qe4 23. Qa3 Nd5 24. Rc1 g5 25. Ne5 Rb8 26. Nd7 Ra8 27. Qd6 Kg7 28. Nc5 Qg6 29. Nxa6 g4 30. hxg4 Qxg4 31. Nb4 Ra5 32. Nxd5 Rxd5 33. Qg3 Qxg3 34. fxg3 Ra5 35. Rc4 f5 36. Kf2 Kf6 37. Kf3 h5 38. Kf4 Ra6 39. Rb4 Ra5 40. Kf3 Ra6 41. Rc4 Ra8 42. Kf4 Ra5 43. Rb4 Ra6 44. e4 fxe4 45. Kxe4 Ra5 46. Rb5 Rxa4 47. Rxh5 Ra2 48. Rh6+ Kf7 49. Rh2 Kf6 50. Rh6+ Kf7 51. Kf3 Ra3+ 52. Kf2 Ra2+ 53. Kg1 Rd2 54. Rh4 Kf6 55. Kh2 Kg5 56. Re4 Kf5 57. Rf4+ Kg5 58. Kg1 e5 59. dxe5 Re2 60. e6 Rxe6 61. Kf2 Ra6 62. Re4 Ra2+ 63. Kg1 Kf5 64. Rb4 Kg5 65. Kh2 Ra1 66. Rb8 Ra4 67. Kh3 Ra3 68. Rb5+ Kg6 69. Rb8 Rc3 70. Kh4 Rc2 71. Rb6+ Kg7 72. Kh3 Rc3 73. Kh2 Rc4 74. Ra6 Rb4 75. Kh3 Rb3 76. Ra4 Kg6 77. Rf4 Kg5 78. Rf3 Rb4 79. Rc3 Rb5 80. g4 Ra5 81. Rf3 Ra4 82. Rf5+ Kg6 83. Rb5 Ra3+ 84. Kh4 Ra2 85. Rb6+ Kg7 86. g3 Ra5 87. g5 Ra4+ 88. Kh5 Ra3 89. Rb7+ Kg8 90. Kh6 Ra6+ 91. g6 Ra8 92. g4 Rc8 93. g5 Ra8 94. Rb6 Rc8 95. g7 1-0

[Event "34rd NATO Championship 2024"]
[Site "Rhodes"]
[Date "2024.10.23"]
[Round "4.17"]
[White "Mihailov, Iulian"]
[Black "Dekker, Ard"]
[Result "1/2-1/2"]
[ECO "B13"]
[WhiteElo "2048"]
[BlackElo "1963"]
[Annotator "RC"]
[PlyCount "42"]
[EventDate "2024.09.18"]
[EventType "swiss"]
[EventCountry "GRE"]
[SourceTitle "playchess.com"]
[Source "ChessBase"]
[SourceQuality "1"]
[TimeControl "5400+30"]

1. e4 c6 2. d4 d5 3. exd5 cxd5 4. Bd3 Nc6 5. c3 Qc7 6. Ne2 Bg4 7. O-O e6 8. Qe1 Bd6 9. f3 Bh5 10. Qh4 Bg6 11. Bxg6 fxg6 12. Nf4 Kf7 13. Nd3 Nf6 14. f4 Rhf8 15. Nd2 Kg8 16. Nf3 Ne4 17. Bd2 Rf6 18. Rae1 Raf8 19. Bc1 Nd8 20. Nde5 a6 21. Re2 Re8 1/2-1/2

[Event "34rd NATO Championship 2024"]
[Site "Rhodes"]
[Date "2024.10.23"]
[Round "4.18"]
[White "Peraino, Andrew"]
[Black "Flaata, Alexander R."]
[Result "1-0"]
[ECO "B12"]
[WhiteElo "1965"]
[BlackElo "2040"]
[Annotator "RC"]
[PlyCount "67"]
[EventDate "2024.09.18"]
[EventType "swiss"]
[EventCountry "GRE"]
[SourceTitle "playchess.com"]
[Source "ChessBase"]
[SourceQuality "1"]
[TimeControl "5400+30"]

1. e4 c6 2. d4 d5 3. e5 c5 4. Nd2 Nc6 5. Bb5 Qb6 6. Bxc6+ bxc6 7. dxc5 Qxc5 8. c3 e6 9. Ne2 Ba6 10. O-O h5 11. b4 Qb6 12. Nb3 Nh6 13. Be3 Qc7 14. f4 Nf5 15. Bf2 Be7 16. Re1 g5 17. Ned4 Nxd4 18. Bxd4 gxf4 19. Qf3 Bg5 20. a4 h4 21. b5 Bb7 22. Nc5 h3 23. Qg4 Be7 24. Rab1 hxg2 25. b6 axb6 26. Nxb7 Qxb7 27. Rxb6 Qc8 28. Qg7 Rf8 29. Reb1 c5 30. Bf2 Qd8 31. a5 d4 32. cxd4 c4 33. Qxg2 c3 34. Qc6+ 1-0

[Event "34rd NATO Championship 2024"]
[Site "Rhodes"]
[Date "2024.10.23"]
[Round "4.19"]
[White "Onley, David E"]
[Black "Giedraitis, Mingaudas"]
[Result "1/2-1/2"]
[ECO "B12"]
[WhiteElo "2040"]
[BlackElo "1950"]
[Annotator "RC"]
[PlyCount "71"]
[EventDate "2024.09.18"]
[EventType "swiss"]
[EventCountry "GRE"]
[SourceTitle "playchess.com"]
[Source "ChessBase"]
[SourceQuality "1"]
[TimeControl "5400+30"]

1. e4 c6 2. d4 d5 3. e5 c5 4. c3 Nc6 5. Nf3 Bg4 6. Be2 e6 7. Nbd2 cxd4 8. cxd4 Nge7 9. h3 Bh5 10. O-O Qb6 11. a3 Bg6 12. b4 Nxd4 13. Nxd4 Qxd4 14. Qa4+ Nc6 15. Nb3 Qxe5 16. Ba6 Qc7 17. Bf4 Qb6 18. Bxb7 Qxb7 19. Rfc1 Bd3 20. Nd4 Bc4 21. Rxc4 dxc4 22. Nxc6 a6 23. Ne5+ Qb5 24. Qc2 Bd6 25. a4 Qb7 26. Qxc4 O-O 27. Rb1 Rac8 28. Qe2 Bxe5 29. Bxe5 f6 30. Bd6 Rfe8 31. b5 axb5 32. axb5 Rcd8 33. Bf4 Qd5 34. Bc7 Rd7 35. b6 Qb7 36. Qb5 1/2-1/2

[Event "34rd NATO Championship 2024"]
[Site "Rhodes"]
[Date "2024.10.23"]
[Round "4.20"]
[White "Nielsen, Jan Mose"]
[Black "Dino, Giuseppe"]
[Result "1-0"]
[ECO "E81"]
[WhiteElo "2036"]
[BlackElo "1884"]
[Annotator "RC"]
[PlyCount "93"]
[EventDate "2024.09.18"]
[EventType "swiss"]
[EventCountry "GRE"]
[SourceTitle "playchess.com"]
[Source "ChessBase"]
[SourceQuality "1"]
[TimeControl "5400+30"]

1. d4 Nf6 2. c4 g6 3. Nc3 Bg7 4. e4 d6 5. f3 O-O 6. Be3 c6 7. Qd2 a6 8. a3 b5 9. Rd1 Qc7 10. g4 Bb7 11. Bh6 Re8 12. h4 Bh8 13. h5 e5 14. dxe5 dxe5 15. c5 Qe7 16. hxg6 hxg6 17. Be3 Bg7 18. Nge2 Nbd7 19. g5 Nxc5 20. gxf6 Bxf6 21. Qd6 Ne6 22. Qxe7 Rxe7 23. Kf2 Ree8 24. Bh3 Ng5 25. Bg4 Rad8 26. Bc5 Ne6 27. Bxe6 Rxe6 28. Rxd8+ Bxd8 29. Rd1 Bh4+ 30. Kg2 Bc8 31. Rd6 f5 32. Rxe6 Bxe6 33. Bd6 Bf6 34. f4 exf4 35. Nxf4 Kf7 36. Kf3 fxe4+ 37. Nxe4 Bd5 38. Nxd5 cxd5 39. Nxf6 Kxf6 40. Ke3 Ke6 41. Bg3 Kd7 42. Kd4 Kc6 43. b4 g5 44. Ke5 g4 45. Kd4 a5 46. Ke5 axb4 47. axb4 1-0

[Event "34rd NATO Championship 2024"]
[Site "Rhodes"]
[Date "2024.10.23"]
[Round "4.21"]
[White "Hadzicki, Tomasz"]
[Black "Kapsomenakis, Petros"]
[Result "1-0"]
[ECO "B01"]
[WhiteElo "2034"]
[BlackElo "1914"]
[Annotator "RC"]
[PlyCount "73"]
[EventDate "2024.09.18"]
[EventType "swiss"]
[EventCountry "GRE"]
[SourceTitle "playchess.com"]
[Source "ChessBase"]
[SourceQuality "1"]
[TimeControl "5400+30"]

1. e4 d5 2. exd5 Qxd5 3. Nc3 Qd6 4. Bc4 a6 5. d4 Nf6 6. a4 Nc6 7. Nge2 e5 8. d5 Nb4 9. Ng3 Bg4 10. f3 Bd7 11. Nce4 Nxe4 12. fxe4 a5 13. Be3 Be7 14. O-O O-O 15. Be2 Bh4 16. Nf5 Bxf5 17. Rxf5 g6 18. Rf1 f5 19. c3 f4 20. Bd2 Na6 21. Qc2 Nc5 22. b4 Nd7 23. Kh1 Be7 24. Rfb1 axb4 25. cxb4 Rfd8 26. Be1 Rac8 27. Rc1 Nf6 28. a5 c6 29. a6 bxa6 30. Rxa6 Qb8 31. dxc6 Rd4 32. b5 Nxe4 33. Qa2+ Kf8 34. Ra7 Qd6 35. Bg4 Rd8 36. c7 Rc8 37. Ra8 1-0

[Event "34rd NATO Championship 2024"]
[Site "Rhodes"]
[Date "2024.10.23"]
[Round "4.22"]
[White "Verlaine, Alexandre"]
[Black "Nilsson, Erik"]
[Result "1/2-1/2"]
[ECO "C55"]
[WhiteElo "1962"]
[BlackElo "2028"]
[Annotator "RC"]
[PlyCount "22"]
[EventDate "2024.09.18"]
[EventType "swiss"]
[EventCountry "GRE"]
[SourceTitle "playchess.com"]
[Source "ChessBase"]
[SourceQuality "1"]
[TimeControl "5400+30"]

1. e4 e5 2. Nf3 Nc6 3. Bc4 Nf6 4. d3 Be7 5. O-O O-O 6. a3 d6 7. Nbd2 Be6 8. c3 Re8 9. Bxe6 fxe6 10. Qb3 Qc8 11. d4 exd4 1/2-1/2

[Event "34rd NATO Championship 2024"]
[Site "Rhodes"]
[Date "2024.10.23"]
[Round "4.23"]
[White "Unruh, Charles M"]
[Black "Tommasini, Enzo"]
[Result "0-1"]
[ECO "A30"]
[WhiteElo "1911"]
[BlackElo "2026"]
[Annotator "RC"]
[PlyCount "100"]
[EventDate "2024.09.18"]
[EventType "swiss"]
[EventCountry "GRE"]
[SourceTitle "playchess.com"]
[Source "ChessBase"]
[SourceQuality "1"]
[TimeControl "5400+30"]

1. Nf3 e6 2. g3 b6 3. Bg2 Bb7 4. c4 c5 5. O-O Nf6 6. Nc3 Be7 7. a3 O-O 8. d3 d5 9. Rb1 Nc6 10. e3 Qd7 11. Qc2 Rfd8 12. Rd1 Rac8 13. b3 Ba8 14. Bb2 a6 15. Ne2 Qc7 16. Rbc1 b5 17. cxd5 exd5 18. Bh3 Rb8 19. Nh4 Ne8 20. Nf5 Bf8 21. Qc3 b4 22. axb4 Nxb4 23. Ra1 d4 24. exd4 Qb7 25. Kf1 Qh1+ 26. Ng1 cxd4 27. Nxd4 Rbc8 28. Bxc8 Qg2+ 29. Ke2 Nf6 30. Bh3 Re8+ 31. Ne6 Bf3+ 32. Nxf3 Qxh3 33. Nfg5 Qh5+ 34. Kd2 fxe6 35. h4 h6 36. Ne4 Nfd5 37. Qd4 Rd8 38. Qe5 Qf7 39. Ke2 Nc6 40. Nf6+ Nxf6 41. Qf4 e5 42. Qc4 Rd6 43. Ra4 a5 44. Bc3 Nd5 45. Bxa5 Nd4+ 46. Ke1 Qf3 47. Ra2 Rc6 48. Qa4 Nc2+ 49. Rxc2 Rxc2 50. Bd2 Qh1+ 0-1

[Event "34rd NATO Championship 2024"]
[Site "Rhodes"]
[Date "2024.10.23"]
[Round "4.26"]
[White "Tucker, David S"]
[Black "Fichtner, Ewald"]
[Result "0-1"]
[ECO "B13"]
[WhiteElo "1921"]
[BlackElo "2063"]
[Annotator "RC"]
[PlyCount "56"]
[EventDate "2024.09.18"]
[EventType "swiss"]
[EventCountry "GRE"]
[SourceTitle "playchess.com"]
[Source "ChessBase"]
[SourceQuality "1"]
[TimeControl "5400+30"]

1. e4 c6 2. d4 d5 3. exd5 cxd5 4. Bd3 Nc6 5. c3 Qc7 6. Nf3 Bg4 7. Na3 a6 8. Nc2 e6 9. h3 Bh5 10. O-O Bd6 11. Re1 Nf6 12. a4 O-O 13. Bg5 Rac8 14. Bxf6 gxf6 15. Ne3 Kh8 16. g4 Bg6 17. Bxg6 hxg6 18. Kg2 Kg7 19. Rh1 Rh8 20. c4 dxc4 21. Nxc4 Bf4 22. Ne3 Ne7 23. Rc1 Qb6 24. Qd2 Qd6 25. Rxc8 Rxc8 26. Rc1 Rd8 27. Rd1 Nd5 28. Qa5 Bxe3 0-1

[Event "34rd NATO Championship 2024"]
[Site "Rhodes"]
[Date "2024.10.23"]
[Round "4.27"]
[White "Schott, Guido"]
[Black "Heran-Boily, Samuel"]
[Result "1/2-1/2"]
[ECO "B10"]
[WhiteElo "2059"]
[BlackElo "1898"]
[Annotator "RC"]
[PlyCount "76"]
[EventDate "2024.09.18"]
[EventType "swiss"]
[EventCountry "GRE"]
[SourceTitle "playchess.com"]
[Source "ChessBase"]
[SourceQuality "1"]
[TimeControl "5400+30"]

1. c4 c6 2. e4 e5 3. Nf3 d6 4. d4 Qc7 5. Nc3 Bg4 6. Be2 Nf6 7. Be3 Be7 8. Nd2 Bxe2 9. Qxe2 Nbd7 10. O-O Nf8 11. Rac1 Ne6 12. Nb3 c5 13. dxe5 dxe5 14. Nd5 Qc6 15. f3 b6 16. Rfd1 Qb7 17. Qf2 Nh5 18. Nxe7 Qxe7 19. Rd5 Nhf4 20. Rd2 O-O 21. Rcd1 Rad8 22. Bxf4 Nxf4 23. Nc1 Qg5 24. Kh1 Rd4 25. Rxd4 exd4 26. g3 Ng6 27. Nd3 Ne5 28. b3 Nxd3 29. Rxd3 Qc1+ 30. Kg2 a5 31. a4 Re8 32. Qe2 f5 33. e5 f4 34. Qe4 Qc2+ 35. Kh3 Re6 36. Qa8+ Kf7 37. Qb7+ Kf8 38. Qc8+ Ke7 1/2-1/2

[Event "34rd NATO Championship 2024"]
[Site "Rhodes"]
[Date "2024.10.23"]
[Round "4.28"]
[White "Rosseel, Kimball"]
[Black "Hof - Van Run, Rieke"]
[Result "1/2-1/2"]
[ECO "D04"]
[WhiteElo "1896"]
[BlackElo "2038"]
[Annotator "RC"]
[PlyCount "29"]
[EventDate "2024.09.18"]
[EventType "swiss"]
[EventCountry "GRE"]
[SourceTitle "playchess.com"]
[Source "ChessBase"]
[SourceQuality "1"]
[TimeControl "5400+30"]

1. d4 d5 2. Nf3 Nf6 3. e3 Bg4 4. Bd3 e6 5. O-O Bd6 6. h3 Bh5 7. Nbd2 O-O 8. c3 Nbd7 9. Qc2 Bg6 10. Bxg6 hxg6 11. e4 dxe4 12. Nxe4 Nxe4 13. Qxe4 c6 14. Bd2 Qa5 15. Rfe1 1/2-1/2

[Event "34rd NATO Championship 2024"]
[Site "Rhodes"]
[Date "2024.10.23"]
[Round "4.29"]
[White "Aagaard, Gert"]
[Black "Dowd, Patrick"]
[Result "1-0"]
[ECO "A83"]
[WhiteElo "2029"]
[BlackElo "1885"]
[Annotator "RC"]
[PlyCount "21"]
[EventDate "2024.09.18"]
[EventType "swiss"]
[EventCountry "GRE"]
[SourceTitle "playchess.com"]
[Source "ChessBase"]
[SourceQuality "1"]
[TimeControl "5400+30"]

1. d4 e6 2. Nf3 f5 3. Bg5 Nf6 4. Nc3 Be7 5. Bxf6 Bxf6 6. e4 fxe4 7. Nxe4 Be7 8. Bd3 b6 9. Ne5 O-O 10. Qh5 Qe8 11. Nf6+ 1-0

[Event "34rd NATO Championship 2024"]
[Site "Rhodes"]
[Date "2024.10.23"]
[Round "4.30"]
[White "Huidiu, Vasile-Cristian"]
[Black "Duren, Andrew"]
[Result "0-1"]
[ECO "D13"]
[WhiteElo "1729"]
[BlackElo "2015"]
[Annotator "RC"]
[PlyCount "98"]
[EventDate "2024.09.18"]
[EventType "swiss"]
[EventCountry "GRE"]
[SourceTitle "playchess.com"]
[Source "ChessBase"]
[SourceQuality "1"]
[TimeControl "5400+30"]

1. d4 d5 2. c4 c6 3. cxd5 cxd5 4. Nf3 Nc6 5. g3 Nf6 6. Bg2 Bf5 7. O-O h6 8. b3 Nb4 9. Na3 e6 10. Ne5 Qb6 11. Bb2 Bd6 12. Re1 O-O 13. e4 Bxe4 14. Bxe4 Bxe5 15. Bxd5 Bxg3 16. hxg3 exd5 17. Nc2 Rfe8 18. Nxb4 Qxb4 19. Re5 Rac8 20. Rc1 Rxc1 21. Bxc1 Qc3 22. Rxe8+ Nxe8 23. Qd2 Qc6 24. Ba3 Nf6 25. Qb4 Kh7 26. Qd2 Qe6 27. Qd3+ Qe4 28. Qxe4+ dxe4 29. Bc1 Nd5 30. Bd2 b5 31. a4 a6 32. Kg2 f5 33. Kf1 g5 34. Ke2 f4 35. gxf4 gxf4 36. Kf1 Kg6 37. Kg2 Kf5 38. Kh3 e3 39. fxe3 fxe3 40. Be1 Nf4+ 41. Kg3 Nd3 42. Ba5 e2 43. axb5 axb5 44. Kf3 e1=R 45. Bxe1 Nxe1+ 46. Ke3 h5 47. Kd2 Ke4 48. d5 Kxd5 49. Kxe1 b4 0-1

[Event "34rd NATO Championship 2024"]
[Site "Rhodes"]
[Date "2024.10.23"]
[Round "4.31"]
[White "Lebrun, Roger"]
[Black "Filipow, Mateusz"]
[Result "1/2-1/2"]
[ECO "C39"]
[WhiteElo "1984"]
[BlackElo "1843"]
[Annotator "RC"]
[PlyCount "57"]
[EventDate "2024.09.18"]
[EventType "swiss"]
[EventCountry "GRE"]
[SourceTitle "playchess.com"]
[Source "ChessBase"]
[SourceQuality "1"]
[TimeControl "5400+30"]

1. e4 e5 2. f4 exf4 3. Nf3 g5 4. h4 g4 5. Ne5 Nc6 6. Nxg4 h5 7. Nf2 Bc5 8. c3 Bxf2+ 9. Kxf2 Nf6 10. Qf3 Qe7 11. d3 Ng4+ 12. Ke1 d6 13. Bxf4 Bd7 14. Kd2 O-O-O 15. Na3 Rde8 16. Re1 f5 17. Qg3 fxe4 18. Rxe4 Qf7 19. Rxe8+ Rxe8 20. b3 Qe6 21. d4 Qf5 22. Bd3 Qa5 23. Nc2 Qxa2 24. Bg6 Rh8 25. b4 Qe6 26. Bd3 Rf8 27. Ra1 Kb8 28. Re1 Qf6 29. Rf1 1/2-1/2

[Event "34rd NATO Championship 2024"]
[Site "Rhodes"]
[Date "2024.10.23"]
[Round "4.32"]
[White "Hart, David P O"]
[Black "Parker, Glen D"]
[Result "0-1"]
[ECO "D09"]
[WhiteElo "2003"]
[BlackElo "1979"]
[Annotator "RC"]
[PlyCount "36"]
[EventDate "2024.09.18"]
[EventType "swiss"]
[EventCountry "GRE"]
[SourceTitle "playchess.com"]
[Source "ChessBase"]
[SourceQuality "1"]
[TimeControl "5400+30"]

1. d4 d5 2. c4 e5 3. dxe5 d4 4. Nf3 Nc6 5. g3 Bf5 6. a3 Qd7 7. Bg2 f6 8. exf6 Nxf6 9. O-O O-O-O 10. Bg5 Be7 11. Qa4 Ne4 12. Bxe7 Qxe7 13. Re1 Rhf8 14. b4 Nxf2 15. Kxf2 Qe3+ 16. Kf1 Ne5 17. Qd1 Ng4 18. Qxd4 Rxd4 0-1

[Event "34rd NATO Championship 2024"]
[Site "Rhodes"]
[Date "2024.10.23"]
[Round "4.33"]
[White "Ivbulis, Martins"]
[Black "Tikerpuu, Mati"]
[Result "1-0"]
[ECO "D00"]
[WhiteElo "1891"]
[BlackElo "1933"]
[Annotator "RC"]
[PlyCount "117"]
[EventDate "2024.09.18"]
[EventType "swiss"]
[EventCountry "GRE"]
[SourceTitle "playchess.com"]
[Source "ChessBase"]
[SourceQuality "1"]
[TimeControl "5400+30"]

1. d4 e6 2. Nc3 d5 3. Bf4 a6 4. e3 Nf6 5. Bd3 c5 6. dxc5 Bxc5 7. e4 d4 8. Nce2 Bb4+ 9. c3 dxc3 10. bxc3 Be7 11. Nf3 Nc6 12. O-O Nh5 13. e5 Nxf4 14. Nxf4 Qa5 15. Re1 Bd7 16. Qb3 Rb8 17. Rad1 Qc7 18. Qc4 b5 19. Qe4 Na5 20. Nd4 Bc6 21. Qe2 g6 22. Qg4 Bd5 23. Nxd5 exd5 24. e6 f6 25. h4 f5 26. Qf3 Nc6 27. Qxd5 Nxd4 28. cxd4 Rd8 29. Qb3 Bxh4 30. d5 Qc5 31. Qb2 O-O 32. Rc1 Qe7 33. Qb3 Qa7 34. Re2 Rd6 35. a4 Bg5 36. Rce1 bxa4 37. Qxa4 Be7 38. Qa2 Qd4 39. Bc4 Rc8 40. Rc2 Rb8 41. Qa5 Bd8 42. Qa4 Be7 43. Qa5 Bd8 44. Qa1 Qxa1 45. Rxa1 Ra8 46. Rca2 a5 47. Rb1 Be7 48. Rb7 Kf8 49. Ra4 Rc8 50. Kf1 Rc5 51. Ke2 h5 52. Ke3 Rc8 53. Kf4 Rc5 54. Ke5 Rd8 55. Kd4 Rc6 56. Ke5 Rc5 57. f3 Bd6+ 58. Kf6 Rc7 59. Rxc7 1-0

[Event "34rd NATO Championship 2024"]
[Site "Rhodes"]
[Date "2024.10.23"]
[Round "4.34"]
[White "Allmann, Lauri"]
[Black "Mautone, Valerio"]
[Result "0-1"]
[ECO "E67"]
[WhiteElo "1852"]
[BlackElo "2117"]
[Annotator "RC"]
[PlyCount "86"]
[EventDate "2024.09.18"]
[EventType "swiss"]
[EventCountry "GRE"]
[SourceTitle "playchess.com"]
[Source "ChessBase"]
[SourceQuality "1"]
[TimeControl "5400+30"]

1. c4 Nf6 2. Nc3 g6 3. Nf3 Bg7 4. d4 d6 5. g3 Nbd7 6. Bg2 O-O 7. O-O e5 8. dxe5 dxe5 9. Bg5 h6 10. Bd2 c6 11. Qc1 Kh7 12. Qc2 Qe7 13. Rad1 Nc5 14. Nxe5 Qxe5 15. Bf4 Qh5 16. Bd6 Re8 17. b4 Bf5 18. Qc1 Nce4 19. Nxe4 Nxe4 20. Bf3 Qg5 21. Bf4 Qe7 22. g4 Bc8 23. a3 Ng5 24. Bd6 Nxf3+ 25. exf3 Qf6 26. Rd3 a5 27. b5 cxb5 28. cxb5 Be6 29. Bc7 Qb2 30. Qxb2 Bxb2 31. Rb1 Bc4 32. Rd7 Bxa3 33. b6 Be6 34. Rd3 Bf8 35. Kg2 a4 36. Kg3 a3 37. f4 a2 38. Ra1 Bg7 39. Be5 Bxe5 40. fxe5 Red8 41. Rc3 Rac8 42. Ra3 Rc6 43. h3 Rxb6 0-1

[Event "34rd NATO Championship 2024"]
[Site "Rhodes"]
[Date "2024.10.23"]
[Round "4.35"]
[White "Ivsek, Cveto"]
[Black "Wells, Daniel J"]
[Result "0-1"]
[ECO "A48"]
[WhiteElo "1839"]
[BlackElo "2036"]
[Annotator "RC"]
[PlyCount "58"]
[EventDate "2024.09.18"]
[EventType "swiss"]
[EventCountry "GRE"]
[SourceTitle "playchess.com"]
[Source "ChessBase"]
[SourceQuality "1"]
[TimeControl "5400+30"]

1. d4 Nf6 2. Bf4 g6 3. e3 Bg7 4. Nf3 O-O 5. h3 d6 6. Bc4 Nfd7 7. Nc3 c6 8. O-O b5 9. Bb3 a6 10. a3 Qc7 11. Re1 e5 12. Bg3 Nb6 13. Ng5 N8d7 14. Nce4 d5 15. Nd2 Qd8 16. Ngf3 e4 17. Nh2 Qe7 18. a4 Nf6 19. Nhf1 Nh5 20. Bh2 f5 21. axb5 axb5 22. Rxa8 Nxa8 23. Ng3 Nf6 24. Qa1 Nb6 25. Qa5 Qb7 26. Qb4 Be6 27. Ra1 Ra8 28. Rb1 Bf8 29. Qc3 b4 0-1